 Dungeon Crawl Stone Soup version 0.28.0-53-g5a82cb258f (webtiles) character file.

Game seed: 18002177326836751941

68 SanguineChosen the Grave Robber (level 4, -4/33 HPs)
             Began as a Ghoul Necromancer on June 2, 2022.
             Slain by a gnoll
             ... wielding a +0 halberd
              (8 damage)
             ... on level 2 of the Dungeon.
             The game lasted 00:41:55 (1686 turns).

SanguineChosen the Grave Robber (Ghoul Necromancer) Turns: 1686, Time: 00:41:55

Health: -4/33      AC:  4    Str: 11    XL:     4   Next: 19%
Magic:  3/15       EV: 12    Int: 12    God:
Gold:   52         SH:  0    Dex:  9    Spells: 3/7 levels left

rFire   . . .      SeeInvis .   e - +0 dagger
rCold   + . .      Faith    .   (no shield)
rNeg    + + +      Spirit   .   a - +0 robe
rPois   ∞          Reflect  .   (no helmet)
rElec   .          Harm     .   c - +0 cloak
rCorr   .          Rampage  .   (no gloves)
Will    .....                   j - +0 pair of boots
Stlth   ++........              (no amulet)
HPRegen 0.00/turn               b - ring of magical power
MPRegen 0.14/turn               (no ring)

@: attractive, inhibited regen
A: claws 1, cold resistance 1, negative energy resistance 3, inhibited
regeneration, torment resistance 2
a: no special abilities


You were on level 2 of the Dungeon.
You visited 1 branch of the dungeon, and saw 2 of its levels.

You collected 52 gold pieces.

Inventory:

Hand Weapons
 d - a +0 hand axe
 e - a +0 dagger (weapon)
Missiles
 i - 14 stones
Armour
 a - a +0 robe (worn)
 c - a +0 cloak (worn)
 f - a +0 chain mail
 h - a +0 ring mail
 j - a +0 pair of boots (worn)
Jewellery
 b - a ring of magical power (left claw)
Scrolls
 m - a scroll of holy word {unknown}
 o - a scroll of amnesia
Potions
 k - a potion of heal wounds {unknown}


   Skills:
 + Level 2.1 Dodging
 + Level 2.8 Stealth
 + Level 2.4 Spellcasting
 + Level 4.8 Necromancy


You had 3 spell levels left.
You knew the following spells:

 Your Spells              Type           Power      Damage    Failure   Level
a - Pain                  Necr           48%        1d6       3%          1
b - Vampiric Draining     Necr           12%        2d6       11%         3

Your spell library contained the following spells:

 Spells                   Type           Power      Damage    Failure   Level
 Animate Skeleton         Necr           24%        N/A       3%          1
 Animate Dead             Necr           6%         N/A       36%         4
 Agony                    Necr           12%        N/A       71%         5


Dungeon Overview and Level Annotations

Branches:
Dungeon (2/15)

Altars:


Innate Abilities, Weirdness & Mutations

You thrive by killing the living.
You are immune to poison.
You have sharp fingernails.
Your flesh is cold resistant. (rC+)
You are immune to negative energy. (rN+++)
You do not regenerate when monsters are visible.
You are immune to unholy pain and torment.


Message History

Confirm with . or Enter, or press ? or * to list all spells.
Aiming: Pain (safe; 3% risk of failure)
Press: ? - help, Shift-Dir - straight line, f/p - gnoll
Aim: a gnoll, wielding a +0 flail (chance to affect: 75%)
The gnoll writhes in agony.
The gnoll hits you from afar with a +0 halberd!
The gnoll closely misses you.
Casting: Pain (safe; 3% risk of failure)
Confirm with . or Enter, or press ? or * to list all spells.
Aiming: Pain (safe; 3% risk of failure)
Press: ? - help, Shift-Dir - straight line, f/p - gnoll
Aim: a gnoll, wielding a +0 flail (moderately wounded, chance to affect: 75%)
The gnoll writhes in agony.
Casting: Pain (safe; 3% risk of failure)
Confirm with . or Enter, or press ? or * to list all spells.
Aiming: Pain (safe; 3% risk of failure)
Press: ? - help, Shift-Dir - straight line, f/p - gnoll
Aim: a gnoll, wielding a +0 flail (moderately wounded, chance to affect: 75%)
The gnoll writhes in agony.
The gnoll completely misses you. The gnoll closely misses you.
Casting: Pain (safe; 3% risk of failure)
Confirm with . or Enter, or press ? or * to list all spells.
Aiming: Pain (safe; 3% risk of failure)
Press: ? - help, Shift-Dir - straight line, f/p - gnoll
Aim: a gnoll, wielding a +0 flail (severely wounded, chance to affect: 75%)
The gnoll struggles to resist.
The gnoll hits you with a +0 flail! The gnoll barely misses you.
Casting: Pain (safe; 3% risk of failure)
Confirm with . or Enter, or press ? or * to list all spells.
Aiming: Pain (safe; 3% risk of failure)
Press: ? - help, Shift-Dir - straight line, f/p - gnoll
Aim: a gnoll, wielding a +0 flail (severely wounded, chance to affect: 75%)
The gnoll writhes in agony.
The gnoll hits you with a +0 flail!
* * * LOW HITPOINT WARNING * * *
The gnoll barely misses you.
It was a potion of attraction.
You feel attractive to monsters. The gnoll misses you.
The gnoll hits you from afar with a +0 halberd!
You die...

..... #######..( #####
.....[.... ..
.........#### ....
............ .....
..........####### ....
......)w.........
############# #g#.......
............# #g#.....
........(...# #@#...#
............# #.#...#
..(.........# .#.....#
...)........##.####..#####
.).............#.....#...
...............#.###.#.#
.......##......#)#.....#
######.##......#.#.#...#
######.##......#.#.#...#


You could see a worm and 2 gnolls.

Vanquished Creatures
  A gnoll (D:2)
  2 adders (D:2)
  3 endoplasms (D:1)
  3 goblins
  7 hobgoblins
  6 jackals
  2 quokkas
  4 ball pythons
  A frilled lizard (D:1)
  2 kobolds (D:1)
  6 rats (D:1)
37 creatures vanquished.

Vanquished Creatures (others)
  9 fungi (D:1)
  3 plants
12 creatures vanquished.

Grand Total: 49 creatures vanquished

Notes
Turn   | Place    | Note
-------+----------+-------------------------------------------
     0 | D:1      | SanguineChosen the Ghoul Necromancer began the quest for
                  | the Orb.
     0 | D:1      | Reached XP level 1. HP: 14/14 MP: 2/2
   396 | D:1      | Reached XP level 2. HP: 20/20 MP: 3/3
   518 | D:1      | Found a faded altar of an unknown god.
  1063 | D:1      | Reached XP level 3. HP: 26/26 MP: 5/5
  1073 | D:1      | Learned a level 3 spell: Vampiric Draining
  1641 | D:2      | Reached XP level 4. HP: 33/33 MP: 6/6
  1686 | D:2      | Slain by a gnoll

Illustrated notes

Levels and vault maps discovered:
D:1:      dpeg_arrival_ratfight, layout_basic,
          shapermc_ecumenical_altar_hornbeckon, minmay_tetromino_i2
D:2:      layout_basic, serial_bayou_lake_a, uniq_crazy_yiuf_cottage

Skill      XL: |  1  2  3 |
---------------+----------+-----
Spellcasting   | 2 |  2.4
Dodging        | 2 |  2.1
Stealth        | |  2.8
Necromancy     | |  4.8

Action                   |  1- 3 |  4- 6 || total
-------------------------+-------+-------++-------
Melee: Unarmed           |     6 |       ||     6
       Dagger            |    57 |       ||    57
       Punch             |     1 |       ||     1
 Cast: Pain              |    82 |    12 ||    94
  Use: Potion            |     1 |     1 ||     2
       Scroll            |     3 |       ||     3
Armor: Robe              |     6 |       ||     6
Dodge: Dodged            |    33 |     9 ||    42
